 Dungeon Crawl Stone Soup version 0.17.1-3-g152610e (webtiles) character file.

2089 pipel the Cleaver (level 9, -7/81 HPs)
             Began as a Deep Dwarf Gladiator on Apr 10, 2016.
             Mangled by an orc warrior
             ... wielding a +0 dire flail of protection
              (13 damage)
             ... on level 9 of the Dungeon on Apr 11, 2016.
             The game lasted 00:21:40 (1716 turns).

pipel the Cleaver (Deep Dwarf Gladiator)            Turns: 1716, Time: 00:21:40

Health: -7/81      AC:  8    Str: 22    XL:     9   Next: 6%
Magic:  9/9        EV: 14    Int:  7    God:
Gold:   182        SH:  0    Dex: 13    Spells: 0 memorised, 8 levels left

rFire  . . .     SeeInvis .     a - +0 broad axe
rCold  . . .     Clarity  +     l - +0 ring mail
rNeg   . . .     SustAt   .     (no shield)
rPois  .         Gourm    .     c - +0 helmet
rElec  .         Spirit   .     (no cloak)
rCorr  .         Warding  .     k - +0 pair of gloves
rMut   .         Stasis   .     (no boots)
MR     +....                    (no amulet)
Stlth  ++........               (no ring)
                                (no ring)

@: non-regenerating, somewhat resistant to hostile enchantments, unstealthy
A: damage resistance, recharge devices, berserk 1, clarity, dopey 1, sense
surroundings 2, slow regeneration 3
a: Device Recharging


You were on level 9 of the Dungeon.
You were hungry.

You visited 2 branches of the dungeon, and saw 13 of its levels.
You also visited: Ossuary.

You collected 182 gold pieces.

Inventory:

Hand Weapons
 a - a +0 broad axe (weapon)
 F - a +0 war axe
Missiles
 g - 7 javelins (quivered)
Armour
 b - a +0 leather armour
 c - a +0 helmet (worn)
 k - a +0 pair of gloves (worn)
 l - a +0 ring mail (worn)
Magical Staves
 o - an uncursed staff of power
 w - an uncursed staff of summoning
Wands
 e - a wand of heal wounds (0)
 h - a wand of disintegration (11)
 j - a wand of enslavement (16)
 p - a wand of polymorph (2)
 q - a wand of frost (20)
 y - a wand of fireball (6)
Scrolls
 d - a scroll of recharging
 n - a scroll of teleportation
 t - 2 scrolls of fog
 z - a scroll of identify
 C - a scroll of noise {unknown}
 D - a scroll of remove curse
 E - a scroll of enchant weapon {unknown}
Potions
 m - a potion of curing
 v - 2 potions of lignification
Books
 u - a book of Geomancy

   Spells                             Type                      Level
   a - Sandblast                      Earth                        1
   b - Stoneskin                      Transmutation/Earth          2
   c - Passwall                       Transmutation/Earth          3
   d - Stone Arrow                    Conjuration/Earth            3
   e - Petrify                        Transmutation/Earth          4
   f - Lee's Rapid Deconstruction     Earth                        5
 A - a book of Fire

   Spells                             Type                      Level
   a - Ignite Poison                  Fire/Transmutation/Poison    3
   b - Fireball                       Conjuration/Fire             5
   c - Bolt of Fire                   Conjuration/Fire             6
   d - Delayed Fireball               Conjuration/Fire             7
   e - Ring of Flames                 Charms/Fire                  7
 B - a Necronomicon

   Spells                             Type                      Level
   a - Haunt                          Necromancy/Summoning         7
   b - Borgnjor's Revivification      Necromancy                   8
   c - Death's Door                   Charms/Necromancy            8
   d - Necromutation                  Transmutation/Necromancy     8
Miscellaneous
 x - a plain deck of escape
Comestibles
 f - 6 bread rations
 i - 4 fruits
 s - 2 meat rations


   Skills:
 + Level 5.4 Fighting
 + Level 8.7 Axes
 - Level 2.8 Throwing
 - Level 3.2 Armour
 - Level 6.6 Dodging
 - Level 3.0 Stealth
 - Level 2.2 Evocations


You had 8 spell levels left.
You didn't know any spells.

Dungeon Overview and Level Annotations

Branches:
Dungeon (12/15)              Lair (1/8) D:10
 Temple: D:4-7          Orc: D:9-12

Altars:

Annotations:
D:4 Robin
D:12 Erolcha


Innate Abilities, Weirdness & Mutations

You are resistant to damage.
You can recharge devices by infusing magical energy.
You passively map the area around you.
You do not regenerate naturally.
You tend to lose your temper in combat.
You possess an exceptional clarity of mind.
You are dopey. (Int -2)


Message History

You hit the orc warrior.
The orc warrior is lightly wounded.
The orc warrior closely misses you.
You hit the orc warrior but do no damage.
The orc warrior is lightly wounded.
The orc warrior misses you.
You slash the orc warrior!
The orc warrior is heavily wounded.
The orc warrior barely misses you.
You slash the orc warrior!
The orc warrior is almost dead.
The orc warrior completely misses you.
You hit the orc warrior but do no damage.
The orc warrior is almost dead.
The orc warrior hits you with a dire flail of protection!
* * * LOW HITPOINT WARNING * * *
You closely miss the orc warrior.
The orc warrior is almost dead.
The orc warrior hits you with a dire flail of protection!
You die...

* , , * #.., , ###...
, ### , #...., * , *
*#.##, #.#.## ##* *
,, ** #.##.##.#..,
,.#* # , * #.#
.....####.##.# 8 #.#*
#.#.##......# +
#.#####.@....>..#
#####......o..##.#..#
*
#......###....).....#
, #.##.#.#
#.......#..# ###.
#.#.# ###..#.##..#
... #.#.# #.......$#
, * ##.##.#.#
##.......# * ,
#......# ##...#### *,
#####.### #...#


You could see an orc warrior.

Vanquished Creatures
  Grinder (D:3)
  A yak (D:10)
  A wyvern (D:11)
  A spider (D:6)
  An orc warrior (D:11)
  2 sky beasts
  An ice beast (D:5)
  2 centaurs
  2 elf zombies (Ossuary)
  A scorpion (D:6)
  The ghost of Tobisume the Chopper, a weakling DsFi (D:3)
  4 centaur zombies
  3 crimson imps (D:6)
  3 orc wizards
  A giant frog zombie (D:10)
  An orc priest (D:11)
  A hound (D:6)
  A giant frog skeleton (D:4)
  A jelly (D:10)
  A human zombie (Ossuary)
  Natasha (D:3)
  An iguana (D:3)
  A worker ant (D:3)
  2 big kobold zombies (Ossuary)
  2 mummies (Ossuary)
  2 adders
  An ooze (D:6)
  2 adder zombies (Ossuary)
  A worm (D:6)
  2 giant geckos
  11 orcs
  A ball python (D:6)
  7 bats
  A hobgoblin (D:1)
  A quokka (D:9)
  A giant newt (D:3)
  3 goblins
  A goblin zombie (Ossuary)
  12 hobgoblin zombies (Ossuary)
  6 jackals
  2 jackal zombies (Ossuary)
  7 kobold zombies (Ossuary)
  6 orc zombies (Ossuary)
  5 rats
  4 fungi (D:10)
  A plant (D:10)
114 creatures vanquished.

Vanquished Creatures (collateral kills)
  A jelly (D:9)
  An orc (D:9)
2 creatures vanquished.

Grand Total: 116 creatures vanquished

Notes
Turn   | Place    | Note
--------------------------------------------------------------
     0 | D:1      | pipel the Deep Dwarf Gladiator began the quest for the Orb.
     0 | D:1      | Reached XP level 1. HP: 19/19 MP: 1/1
    72 | D:3      | Found a faded altar to an unknown god.
    72 | D:3      | Noticed Grinder
   103 | D:3      | Paralysed by Grinder for 6 turns
   129 | D:3      | Killed Grinder
   129 | D:3      | Reached skill level 4 in Axes
   129 | D:3      | Reached skill level 1 in Stealth
   129 | D:3      | Reached skill level 1 in Evocations
   129 | D:3      | Reached XP level 2. HP: 25/27 MP: 2/2
   129 | D:3      | Reached XP level 3. HP: 30/33 MP: 3/3
   129 | D:3      | Reached XP level 4. HP: 36/40 MP: 4/4
   129 | D:3      | Reached XP level 5. HP: 41/46 MP: 5/5
   219 | D:4      | Noticed Robin
   238 | D:3      | Reached skill level 5 in Dodging
   261 | D:3      | Noticed Natasha
   264 | D:3      | Noticed Tobisume's ghost (weakling DsFi)
   290 | D:3      | Killed Natasha
   290 | D:3      | Reached XP level 6. HP: 44/55 MP: 6/6
   350 | D:3      | Killed Tobisume's ghost
   350 | D:3      | Reached skill level 5 in Axes
   410 | D:5      | Entered Level 5 of the Dungeon
   499 | D:6      | Reached skill level 1 in Armour
   562 | D:6      | Noticed Duvessa
   563 | D:6      | Noticed Dowan
   568 | D:6      | Noticed Duvessa
   568 | D:6      | Duvessa changed into Duvessa the spider
   578 | D:6      | Noticed Dowan
   578 | D:6      | Dowan changed into Dowan the scorpion
   587 | D:6      | Killed Duvessa the spider
   587 | D:6      | Reached XP level 7. HP: 26/62 MP: 6/8
   597 | D:6      | Killed Dowan the scorpion
   597 | D:6      | Reached skill level 6 in Dodging
   654 | D:6      | Found a sand-covered staircase.
   680 | D:6      | Gained mutation: You possess an exceptional clarity of mind. [mutagenic meat]
   681 | D:6      | Gained mutation: You are dopey. (Int -2) [mutagenic meat]
   682 | D:6      | Gained mutation: You tend to lose your temper in combat. [mutagenic meat]
   716 | Ossuary  | Entered an ossuary
   819 | Ossuary  | Reached XP level 8. HP: 16/69 MP: 8/8
   819 | Ossuary  | HP: 2/69 [mummy (11)]
  1041 | D:7      | Reached skill level 7 in Axes
  1202 | D:10     | Entered Level 10 of the Dungeon
  1226 | D:10     | Found a staircase to the Lair.
  1237 | D:10     | HP: 3/73 [yak (12)]
  1254 | Lair:1   | Entered Level 1 of the Lair of Beasts
  1271 | D:10     | Reached skill level 8 in Axes
  1422 | D:11     | Reached skill level 5 in Fighting
  1476 | D:12     | Noticed Erolcha
  1591 | D:11     | HP: 3/74 [something (3)]
  1596 | D:11     | Gained mutation: You passively map the area around you. [Deep Dwarf growth]
  1596 | D:11     | Reached XP level 9. HP: 35/81 MP: 9/9
  1716 | D:9      | Mangled by an orc warrior

Action                   |  1- 3 |  4- 6 |  7- 9 || total
-------------------------+-------+-------+-------++-------
Melee: War axe           |    24 |    92 |   234 ||   350
       Broad axe         |       |       |    19 ||    19
Throw: Throwing net      |     5 |     2 |     5 ||    12
       Javelin           |     1 |       |       ||     1
 Abil: Device Recharging |       |       |     1 ||     1
Evoke: Wand              |     1 |    10 |    18 ||    29
  Use: Potion            |       |     2 |     2 ||     4
       Scroll            |       |       |    10 ||    10
 Stab: Held in net/web   |     3 |       |     1 ||     4
       Sleeping          |       |       |     2 ||     2
  Eat: Chunk             |       |       |     6 ||     6
